 Seeded DCSS version 0.30.1-4-g462c640d31 (webtiles) character file.

Game seed: 15660985446129201502 (custom seed)

86 AccursedSamuel the Chopper (level 4, -5/29 HPs)
             Began as a Tengu Monk on Sept 13, 2023.
             Slain by Crazy Yiuf
             ... wielding a +3 quarterstaff of chaos
              (10 damage)
             ... on level 2 of the Dungeon.
             The game lasted 00:03:51 (1529 turns).

AccursedSamuel the Chopper (Tengu Monk)             Turns: 1529, Time: 00:03:51

Health: -5/29      AC: 17    Str: 13    XL:     4   Next: 50%
Magic:  4/5        EV:  4    Int: 14    God:
Gold:   210        SH:  0    Dex: 20    Spells: 3/3 levels left

rFire   . . .        a - +0 hand axe
rCold   . . .        d - orb {light}
rNeg    . . .        e - +7 plate armour "Quasch" {Int+3 Dex+4}
rPois   .            (helmet restricted)
rElec   .            (no cloak)
rCorr   .            (no gloves)
SInv    .            (boots unavailable)
Will    .....        (no amulet) Stlth
                     (no ring)
HPRegen 0.24/turn    (no ring)
MPRegen 0.09/turn

%: no passive effects
@: glowing
A: beak, talons 3
a: no special abilities


You were on level 2 of the Dungeon.
You visited 1 branch of the dungeon, and saw 2 of its levels.

You collected 210 gold pieces.

Inventory:

Hand Weapons
 a - a +0 hand axe (weapon)
Armour
 b - a +0 robe
 d - an orb of light (worn)
 e - the +7 plate armour "Quasch" (worn) {Int+3 Dex+4}
   (You acquired it on level 1 of the Dungeon)

   Int:       It affects your intelligence (+3).
   Dex:       It affects your dexterity (+4).
Jewellery
 p - a +4 ring of protection
Scrolls
 f - 2 scrolls of teleportation {unknown}
 h - a scroll of noise {unknown}
 j - a scroll of enchant armour {unknown}
 k - a scroll of immolation {unknown}
 m - a scroll of identify {unknown}
Potions
 c - a potion of ambrosia
 g - a potion of curing {unknown}
 i - a potion of degeneration {unknown}
 l - a potion of attraction {unknown}
 n - a potion of heal wounds {unknown}
 o - 2 potions of magic {unknown}
 q - a potion of flight {unknown}


   Skills:
 + Level 3.7 Fighting
 + Level 4.3 Axes
 + Level 1.0 Armour
 + Level 4.0 Dodging


You had 3 spell levels left.
You didn't know any spells.
Your spell library contained the following spells:

 Spells                   Type           Power      Damage    Failure   Level
 Cigotuvi's Dreadful Rot  Necr/Pois/Air  0%         N/A       100%        2
 Dispel Undead            Necr           0%         3d6       100%        4
 Death Channel            Necr           0%         N/A       100%        6


Dungeon Overview and Level Annotations

Branches:
Dungeon (2/15)

Altars:

Annotations:
D:2 Crazy Yiuf


Innate Abilities, Weirdness & Mutations

You have a beak for a mouth.
You have claws for feet.


Message History

You peck the hobgoblin, but do no damage.
The hobgoblin hits you but does no damage.
You hit the hobgoblin.
You kill the hobgoblin!
Your Armour skill increases to level 1!
There is a stone staircase leading down here.
You see here a +0 club.
There is a stone staircase leading up here.
You see here a +0 short sword.
Found a hammer.
Found a runed translucent door.
Crazy Yiuf shouts!
You enter the shallow water.
Moving in this stuff is going to be slow.
You enter the shallow water.
Moving in this stuff is going to be slow.
You enter the shallow water.
Moving in this stuff is going to be slow.
You enter the shallow water.
Moving in this stuff is going to be slow.
You enter the shallow water.
Moving in this stuff is going to be slow.
You now have 210 gold pieces (gained 8).
Crazy Yiuf screams, "Announcement aubergine snail!"
You open the door. You hit Crazy Yiuf but do no damage.
Crazy Yiuf hits you with a +3 quarterstaff of chaos!
Crazy Yiuf freezes you.
You hit Crazy Yiuf but do no damage.
Crazy Yiuf hits you with a +3 quarterstaff of chaos.
* * * LOW HITPOINT WARNING * * *
You barely miss Crazy Yiuf. You claw Crazy Yiuf. You peck Crazy Yiuf.
Crazy Yiuf is moderately wounded.
Crazy Yiuf hits you with a +3 quarterstaff of chaos.
* * * LOW HITPOINT WARNING * * *
You feel your power leaking away.
You hit Crazy Yiuf but do no damage. You claw Crazy Yiuf, but do no damage.
You peck Crazy Yiuf, but do no damage.
Crazy Yiuf is moderately wounded.
Crazy Yiuf hits you with a +3 quarterstaff of chaos!
You die...

#####.###.##..........####
..........##.............##
..................######..#
........)########## ##.#
##..#.##[# #.# ...>..##.#
#.## ########.# ### ####..#
# ### #)..### ##.....# #
#...g@####......# #
#...##..#......## ###
###.#....## ########


You could see Crazy Yiuf.

Vanquished Creatures
  Jessica (D:2)
  An adder (D:2)
  A dart slug (D:2)
  5 endoplasms
  2 giant cockroaches (D:2)
  5 goblins
  4 hobgoblins
  5 kobolds
  5 quokkas
  3 ball pythons
  2 bats (D:1)
  7 frilled lizards
  6 rats
  A spectral kobold (D:2)
48 creatures vanquished.

Notes
Turn   | Place    | Note
-------+----------+-------------------------------------------
     0 | D:1      | AccursedSamuel the Tengu Monk began the quest for the Orb.
     0 | D:1      | Reached XP level 1. HP: 14/14 MP: 2/2
   114 | D:1      | Reached XP level 2. HP: 14/19 MP: 3/3
   136 | D:1      | Identified a scroll of acquirement
   136 | D:1      | Acquired the +7 plate armour "Quasch" {Int+3 Dex+4}
   616 | D:1      | Reached XP level 3. HP: 23/23 MP: 4/4
   949 | D:2      | Found a faded altar of an unknown god.
  1233 | D:2      | Noticed Jessica
  1239 | D:2      | Killed Jessica
  1240 | D:2      | Reached XP level 4. HP: 29/29 MP: 5/5
  1336 | D:2      | Reached skill level 1 in Armour
  1433 | D:2      | Found a runed translucent door.
  1434 | D:2      | Noticed Crazy Yiuf
  1529 | D:2      | Slain by Crazy Yiuf

Illustrated notes

Levels and vault maps discovered:
D:1:      minmay_arrival_pointy, layout_loops_ring, minmay_gold_behind_fungi
D:2:      layout_basic, dreamdust_ecumenical_altar_drowned_temple,
          hangedman_decor_clover_reticule, fountainhead,
          uniq_crazy_yiuf_cottage, uniq_jessica

Skill      XL: |  1  2  3  4 |
---------------+-------------+-----
Axes           | 4 |  4.3
Dodging        | 4 |  4.0
Armour         | 1 |  1.0
Fighting       | |  3.7

Action                     |  1- 3 |  4- 6 || total
---------------------------+-------+-------++-------
  Melee: Hand axe          |    60 |    15 ||    75
         Kick              |    16 |     3 ||    19
         Peck              |    13 |     4 ||    17
    Use: Scroll            |     1 |       ||     1
 Armour: Robe              |     2 |       ||     2
         Plate armour      |    58 |     5 ||    63
  Dodge: Dodged            |    17 |     3 ||    20
